 Dungeon Crawl Stone Soup version 0.26.1-11-gd32895ea62 (webtiles) character file.

Game seed: 7496891770099047040

463 Descartes the Insei (level 7, 0/35 HPs)
             Began as a Vine Stalker Transmuter on June 19, 2021.
             Slain by an orc priest (2 damage)
             ... on level 5 of the Dungeon.
             The game lasted 00:07:06 (4556 turns).

Descartes the Insei (Vine Stalker Transmuter)       Turns: 4556, Time: 00:07:08

Health: 0/35       AC: 10    Str: 13    XL:     7   Next: 7%
Magic:  0/13       EV:  4    Int: 14    God:
Gold:   242        SH:  0    Dex: 15    Spells: 9/13 levels left

rFire    . . .     SeeInvis .     - Unarmed
rCold    + . .     Faith    .   (no shield)
rNeg     . . .     Spirit   +   x - +0 plate armour
rPois    .         Reflect  .   (no helmet)
rElec    .         Harm     .   (no cloak)
rCorr    .         Rampage  .   (no gloves)
Will     .....                  (no boots)
Stlth    ..........             (no amulet)
HPRegen  0.51/turn              v - ring of protection from cold
MPRegen  0.13/turn              (no ring)

@: no status effects
A: fangs 2, regeneration 1, magic shield, antimagic bite, no potion heal 3
a: no special abilities


You were on level 5 of the Dungeon.
You visited 1 branch of the dungeon, and saw 5 of its levels.

You collected 242 gold pieces.

Inventory:

Missiles
 d - 92 stones
 e - 51 arrows
 g - 57 sling bullets
 m - 6 atropa-tipped darts
 o - 40 bolts
 r - 8 javelins
 A - 3 boomerangs
Armour
 a - a +0 chain mail
 x - a +0 plate armour (worn)
Jewellery
 v - a ring of protection from cold (left hand)
Wands
 y - a wand of digging (4)
Scrolls
 b - 6 scrolls of remove curse
 c - a scroll of immolation {unknown}
 f - 3 scrolls of teleportation {unknown}
 i - 3 scrolls of fog {unknown}
 k - 5 scrolls of identify {unknown}
 p - 3 scrolls of enchant armour {unknown}
 t - 2 scrolls of magic mapping {unknown}
 u - a scroll of noise {unknown}
 w - a scroll of blinking {unknown}
Potions
 h - a potion of cancellation {unknown}
 j - 3 potions of attraction {unknown}
 l - a potion of degeneration {unknown}
 n - 7 potions of curing {unknown}
 q - 3 potions of invisibility {unknown}
 s - 3 potions of flight {unknown}
 z - a potion of magic {unknown}


   Skills:
 + Level 2.8 Fighting
 + Level 3.0 Dodging
 + Level 4.3 Unarmed Combat
 + Level 3.8 Spellcasting
 + Level 3.7 Transmutations


You had 9 spell levels left.
You knew the following spells:

 Your Spells              Type           Power        Failure   Level
a - Beastly Appendage     Tmut           26%          100%        1
b - Magic Dart            Conj           8%           100%        1
c - Blink                 Tloc           N/A          100%        2

Your spell library contained the following spells:

 Spells                   Type           Power        Failure   Level
 Call Imp                 Summ           2%           100%        2
 Slow                     Hex            2%           100%        2
 Wereblood                Tmut           13%          100%        2
 Conjure Flame            Conj/Fire      2%           100%        3
 Mephitic Cloud           Conj/Pois/Air  2%           100%        3
 Spider Form              Tmut/Pois      3%           100%        3
 Ice Form                 Ice/Tmut       7%           100%        4
 Blade Hands              Tmut           6%           100%        5


Dungeon Overview and Level Annotations

Branches:
Dungeon (5/15)
 Temple: D:4-7

Altars:
Cheibriados
Makhleb
Qazlal


Innate Abilities, Weirdness & Mutations

You have extremely sharp teeth.
Your natural rate of healing is unusually fast.
When hurt, damage is shared between your health and your magic reserves.
Your bite disrupts and absorbs the magic of your enemies.
Potions cannot restore your health.


Message History

Your plate armour prevents you from hitting the orc priest.
The orc priest is heavily wounded.
The orc closely misses you.
The orc wizard hits you but does no damage.
The orc priest mumbles some strange prayers to Beogh against you.
Beogh smites you!
* * * LOW HITPOINT WARNING * * *
You hit the orc priest.
The orc priest is severely wounded.
The orc barely misses you.
The orc wizard hits you with a +0 dagger.
* * * LOW HITPOINT WARNING * * *
The orc priest barely misses you.
You closely miss the orc priest. You bite the orc priest. You drain its power.
You feel invigorated.
The orc priest is severely wounded.
The orc hits you but does no damage.
The orc wizard gestures at you while chanting.
The puff of flame hits you. The orc priest hits you.
You die...

###..#.##.........
#...##.##.......#.
###.####..#.......#.
#.#.# ##.##........
##.#.# #.#.......#.
####....#####.#.#..#.###
#........[........##.#
#........).†.##.......##
#####.o@###.###.........
#.#oo##.............
#.##oo####.......... ..#
#... #.......... #.#
##..#.......... #.
.............
#..........# ...........
#..........


You could see an orc priest, an orc wizard and 3 orcs.

Vanquished Creatures
  A phantom (D:5)
  A howler monkey (D:4)
  3 jellies
  A worker ant (D:2)
  A worker ant zombie (D:5)
  7 gnolls
  2 adders (D:2)
  An adder skeleton (D:5)
  3 worms
  2 dart slugs
  5 leopard geckos
  5 orcs
  2 ball pythons (D:4)
  7 bats
  3 giant cockroaches
  7 hobgoblins
  6 jackals (D:1)
  3 quokkas
  9 frilled lizards
  4 goblins
  14 kobolds
  7 rats
94 creatures vanquished.

Notes
Turn   | Place    | Note
-------+----------+-------------------------------------------
     0 | D:1      | Descartes the Vine Stalker Transmuter began the quest for
                  | the Orb.
     0 | D:1      | Reached XP level 1. HP: 9/9 MP: 4/4
   144 | D:1      | Reached skill level 1 in Fighting
   156 | D:1      | Reached XP level 2. HP: 7/14 MP: 1/6
  1079 | D:1      | Reached XP level 3. HP: 18/18 MP: 5/7
  1656 | D:1      | Gained mutation: Your natural rate of healing is unusually
                  | fast. [Vine Stalker growth]
  1656 | D:1      | Reached XP level 4. HP: 22/22 MP: 9/9
  1726 | D:2      | Learned a level 1 spell: Magic Dart
  1729 | D:2      | Learned a level 2 spell: Blink
  1865 | D:2      | Reached XP level 5. HP: 16/26 MP: 7/10
  2636 | D:2      | Found a burning altar of Makhleb.
  3114 | D:3      | Found a stormy altar of Qazlal.
  3419 | D:3      | Reached XP level 6. HP: 30/30 MP: 10/12
  3799 | D:4      | Reached skill level 4 in Unarmed Combat
  3823 | D:4      | Found a snail-covered altar of Cheibriados.
  4353 | D:5      | Entered Level 5 of the Dungeon
  4460 | D:5      | Noticed a phantom
  4503 | D:5      | Killed a phantom
  4504 | D:5      | Reached XP level 7. HP: 35/35 MP: 13/13
  4555 | D:5      | HP: 1/35 [orc wizard/+0 dagger (2)]
  4556 | D:5      | Slain by an orc priest

Illustrated notes

Levels and vault maps discovered:
D:1:      minmay_arrival_diagonal_passages, layout_loops_corners
D:2:      layout_basic, lemuel_crystal_altar, kennysheep_minor_cross,
          minmay_strange_pillars
D:3:      minmay_spotlight, layout_rooms, overflow_temple_1_default,
          corexii_hall_statues_l, grunt_ministairs_1
D:4:      layout_gridville, kennysheep_little_box
D:5:      layout_rooms, gammafunk_temple_overflow_wave

Skill      XL: |  1  2  3  4  5  6 |
---------------+-------------------+-----
Fighting       | 1 2 |  2.8
Dodging        | 2 3 |  3.0
Spellcasting   | 3 |  3.8
Transmutations | 3 |  3.7
Unarmed Combat | 4 |  4.3

Action                   |  1- 3 |  4- 6 |  7- 9 || total
-------------------------+-------+-------+-------++-------
Melee: Unarmed           |    74 |   257 |    20 ||   351
       Bite              |    15 |    73 |     6 ||    94
       Headbutt          |    11 |     3 |       ||    14
       Kick              |     9 |     4 |       ||    13
       Punch             |     1 |     4 |     1 ||     6
 Cast: Beastly Appendage |    13 |    11 |       ||    24
  Use: Scroll            |       |     1 |       ||     1
Armor: Robe              |     4 |     1 |       ||     5
       Ring mail         |    18 |    13 |       ||    31
       Chain mail        |       |    82 |       ||    82
       Plate armour      |       |    30 |    20 ||    50
Dodge: Dodged            |    51 |    80 |     6 ||   137
